 Dungeon Crawl Stone Soup version 0.27.1-1-g398f81649c (webtiles) character file.

Game seed: 5627669606406530072

3 Elvor the Charlatan (level 1, -1/12 HPs)
             Began as a Gargoyle Artificer on Sept 10, 2021.
             Slain by a goblin (4 damage)
             ... on level 1 of the Dungeon.
             The game lasted 00:01:32 (263 turns).

Elvor the Charlatan (Gargoyle Artificer)             Turns: 263, Time: 00:01:32

Health: -1/12      AC:  5    Str: 15    XL:     1   Next: 50%
Magic:  1/1        EV: 11    Int: 11    God:
Gold:   17         SH:  0    Dex: 10    Spells: 0/0 levels left

rFire    . . .     SeeInvis .   a - +0 club
rCold    . . .     Faith    .   (no shield)
rNeg     + . .     Spirit   .   b - +0 leather armour
rPois    ∞         Reflect  .   (no helmet)
rElec    +         Harm     .   (no cloak)
rCorr    .         Rampage  .   (no gloves)
Will     .....                  (no boots)
Stlth    +.........             (no amulet)
HPRegen  0.04/turn              (no ring)
MPRegen  0.07/turn              (no ring)

@: no status effects
A: sickness immunity, AC +2, negative energy resistance 1, electricity
resistance, torment resistance 1, petrification resistance
a: no special abilities


You were on level 1 of the Dungeon.
You visited 1 branch of the dungeon, and saw 1 of its levels.

You collected 17 gold pieces.

Inventory:

Hand Weapons
 a - a +0 club (weapon)
 f - a +0 morningstar
Armour
 b - a +0 leather armour (worn)
Wands
 c - a wand of flame (15) (quivered)
 d - a wand of charming (15)
Scrolls
 g - a scroll of amnesia {unknown}
Potions
 h - a potion of ambrosia {unknown}
Miscellaneous
 e - a piece from Xom's chessboard (15/15)


   Skills:
 + Level 1.1 Fighting
 + Level 2.2 Armour
 + Level 0.7 Dodging
 + Level 1.1 Stealth
 + Level 2.9 Evocations


You couldn't memorise any spells.
You didn't know any spells.
Your spell library was empty.

Dungeon Overview and Level Annotations

Branches:
Dungeon (1/15)

Altars:


Innate Abilities, Weirdness & Mutations

You are immune to sickness and miasma.
Your stone body is resilient. (AC +2)
You are immune to poison.
You resist negative energy. (rN+)
You are resistant to electric shocks. (rElec)
You are resistant to unholy torment.
You are immune to petrification.


Message History

The bat closely misses you.
You see here a +0 leather armour.
The bat hits you but does no damage. The bat hits you but does no damage.
The bat hits you but does no damage.
You barely miss the bat. The bat closely misses you.
The bat hits you but does no damage. The bat misses you.
You closely miss the bat. The bat closely misses you.
The bat hits you but does no damage.
You hit the bat but do no damage. The bat hits you. The bat barely misses you.
The bat closely misses you.
You closely miss the bat.
The bat closely misses you. x2; The bat misses you.
You hit the bat.
You kill the bat!
You see here a +0 leather armour.
There is an open door here.
Found a morningstar.
Found a scroll labelled RALOUGAMOFF.
Found 22 arrows.
You see here a +0 morningstar.
f - a +0 morningstar A goblin comes into view.
It is wielding a +0 club.
g - a scroll labelled RALOUGAMOFF You hit the goblin.
You kill the goblin!
You see here a +0 club.
Found an amethyst potion.
h - an amethyst potion A goblin comes into view.
It is wielding a +0 club.
The goblin shouts!
Found 10 bolts.
The goblin hits you with a +0 club.
You hit the goblin but do no damage. The goblin hits you with a +0 club.
You closely miss the goblin. The goblin hits you with a +0 club.
You hit the goblin but do no damage. The goblin hits you with a +0 club.
* * * LOW HITPOINT WARNING * * *
The goblin hits you but does no damage.
You closely miss the goblin. The goblin hits you but does no damage.
You barely miss the goblin. The goblin hits you with a +0 club.
You die...

#.# #.# #.# #.# #.# #.#
#.#
#.######################
#...............@g...(..
########################


You could see a goblin.

Vanquished Creatures
  A bat (D:1)
  A giant cockroach (D:1)
  A goblin (D:1)
3 creatures vanquished.

Notes
Turn   | Place    | Note
-------+----------+-------------------------------------------
     0 | D:1      | Elvor the Gargoyle Artificer began the quest for the Orb.
     0 | D:1      | Reached XP level 1. HP: 12/12 MP: 1/1
   263 | D:1      | Slain by a goblin

Illustrated notes

Levels and vault maps discovered:
D:1:      wander_arrival_peaceful_grave, layout_basic, serial_co_window_serial,
          co_window_paths_b, co_window_paths_b, co_window_corner_a,
          co_window_paths_b, co_window_paths_a, co_window_corner_b,
          co_window_unsneaky_path_c, co_window_of_opportunity_c,
          glass_columns_a, glass_columns_b, due_unseen_surprise

Action                   || total
-------------------------++-------
Melee: Club              ||    19
Armor: Leather armour    ||     8
Dodge: Dodged            ||    17
